 Dungeon Crawl Stone Soup version 0.30-a0-748-ge6a52f7cba (webtiles) character file.

Game seed: 16091801642156451547

102 Esekla the Sneak (level 4, 31/31 HPs)
             Began as an Octopode Delver on Feb 8, 2023.
             Quit the game on level 5 of the Dungeon.
             The game lasted 00:01:55 (177 turns).

Esekla the Sneak (Octopode Delver)                   Turns: 177, Time: 00:01:55

Health: 31/31      AC:  1    Str: 11    XL:     4   Next: 78%
Magic:  5/5        EV: 13    Int: 14    God:
Gold:   9          SH:  0    Dex: 13    Spells: 5/5 levels left

rFire   . . .      SeeInvis .    a - +0 falchion
rCold   . . .      Faith    .    (no shield)
rNeg    . . .      Spirit   .    (helmet restricted)
rPois   .          Reflect  .    (no amulet)
rElec   .          Harm     .    (no ring)
rCorr   .          Rampage  .    (no ring)
Will    .....                    (no ring)
Stlth   +++++                    (no ring)
HPRegen 0.25/turn                (no ring)
MPRegen 0.09/turn                (no ring)
                                 (no ring)
                                 (no ring)

@: no status effects
A: almost no armour, amphibious, 8 rings, camouflage 1, gelatinous body 1,
(nimble swimmer 1), tentacles
a: no special abilities


You were on level 5 of the Dungeon.
You visited 1 branch of the dungeon, and saw 1 of its levels.

You collected 9 gold pieces.

Inventory:

Hand Weapons
 a - a +0 falchion (weapon)
Wands
 f - a wand of digging (3)
Scrolls
 b - a scroll of fog
 c - a scroll of acquirement {unknown}
 d - a scroll of butterflies {unknown}
Potions
 e - a potion of haste
 g - a potion of heal wounds {unknown}


   Skills:
 * Level 3.5 Fighting
 * Level 2.6 Long Blades
 * Level 2.5 Dodging
 + Level 7.6 Stealth
 * Level 1.1 Spellcasting


You had 5 spell levels left.
You didn't know any spells.
Your spell library was empty.

Dungeon Overview and Level Annotations

Branches:
Dungeon (5/15)
 Temple: D:4-7

Altars:
Ashenzari
Elyvilon
Sif Muna
Uskayaw


Innate Abilities, Weirdness & Mutations

You cannot wear most types of armour.
You are amphibious.
You can wear up to eight rings at the same time.
Your skin changes colour to match your surroundings (Stealth+).
Your rubbery body absorbs attacks. (AC +1, EV +1)
((You are camouflaged when in or above water. (Stealth+)))
You have tentacles for arms and can constrict up to eight enemies at once.


Message History

The scorpion is heavily wounded.
You constrict the scorpion, but do no damage.
The scorpion misses you. The scorpion stings you.
You hit the scorpion. You squeeze the scorpion.
The scorpion is severely wounded.
You constrict the scorpion. The scorpion barely misses you.
You hit the scorpion.
You kill the scorpion!
Your Spellcasting skill increases to level 1!
You have reached level 4!
You start resting.
HP restored.
You start resting.
Magic restored.
The helpless adder fails to defend itself.
You hit the adder but do no damage. Your grab misses the adder.
The adder bites you. x2
You are poisoned.
The adder poisons you!
You hit the adder. Your grab misses the adder. You squeeze the adder.
The adder is moderately wounded.
You feel sick. The adder barely misses you. The adder misses you.
You completely miss the adder. Your grab misses the adder.
The adder is moderately wounded.
You feel sick. The adder barely misses you.
You hit the adder. You grab the adder.
The adder is severely wounded.
You constrict the adder.
You kill the adder!
You feel sick.
Found a hide-covered altar of Uskayaw.
You feel sick.
You are no longer poisoned.
You see here an adder corpse.
Found a white marble altar of Elyvilon.
Found a scroll labelled NAOT JELEO.
Found a shimmering blue altar of Sif Muna and a broken altar of Ashenzari.
d - a scroll labelled NAOT JELEO You start resting.
HP restored.
Are you sure you want to abandon this character and quit the game? (Confirm with "yes".)

....,**,,,,,,,**
....,,,,,,,,,,*
....,***,,,,,,*
..#*** *,,,,,,*
..###################
#.............#_.#._#
..########....#.....#
..8### #....##.≈.##
.....######...#.@≈..#
.>............#_..._#
..8########...###.###
..## #.[.....# ..#
#...†..## ..#
#.....## .## #######
..# ..#


There were no monsters in sight!

Vanquished Creatures
  A scorpion (D:5)
  A hound (D:5)
  An adder (D:5)
  An orc (D:5)
4 creatures vanquished.

Notes
Turn   | Place    | Note
-------+----------+-------------------------------------------
     0 | D:5      | Esekla the Octopode Delver began the quest for the Orb.
     0 | D:5      | Reached XP level 1. HP: 16/16 MP: 1/1
     4 | D:5      | Noticed a scorpion
    27 | D:5      | Noticed an iguana
    35 | D:5      | Noticed a hound
    35 | D:5      | Noticed an orc priest
    41 | D:5      | Noticed an orc priest
    42 | D:5      | Noticed an orc wizard
    75 | D:5      | Killed a hound
    76 | D:5      | Reached skill level 7 in Stealth
    76 | D:5      | Reached XP level 2. HP: 19/21 MP: 2/2
    76 | D:5      | Reached XP level 3. HP: 24/26 MP: 3/3
   104 | D:5      | Killed a scorpion
   105 | D:5      | Reached skill level 1 in Spellcasting
   105 | D:5      | Reached XP level 4. HP: 26/31 MP: 3/5
   144 | D:5      | Found a hide-covered altar of Uskayaw.
   146 | D:5      | Found a white marble altar of Elyvilon.
   147 | D:5      | Found a shimmering blue altar of Sif Muna.
   147 | D:5      | Found a broken altar of Ashenzari.
   177 | D:5      | Quit the game

Illustrated notes

Levels and vault maps discovered:
D:5:      minmay_opposing_rooms, layout_rooms, mainiacjoe_overflow_alcove_3,
          st_stairs_6, uniq_crazy_yiuf_cottage, uniq_sigmund, uniq_edmund

Skill      XL: |  1  2  3 |
---------------+----------+-----
Stealth        | 7 |  7.6
Spellcasting   | 1 |  1.1
Fighting       | |  3.5
Long Blades    | |  2.6
Dodging        | |  2.5

Action                     |  1- 3 |  4- 6 || total
---------------------------+-------+-------++-------
  Melee: Falchion          |    12 |     4 ||    16
         Constrict         |     3 |     1 ||     4
         Tentacles         |     2 |     1 ||     3
    Use: Scroll            |     2 |       ||     2
   Stab: Sleeping          |       |     1 ||     1
  Dodge: Dodged            |    13 |     3 ||    16

Table legend: (Time is in decaauts)
 A = Elapsed time spent in this place.
 B = Non-inter-level travel time spent in this place.
 C = Inter-level travel time spent in this place.
 D = Time resting spent in this place.
 E = Time spent auto-exploring this place.
 F = Levels seen in this place.
 G = Mean time per level.
                   A        B        C        D        E       F      G
               +--------+--------+--------+--------+--------+-----+--------+
         Total |    180 |    180 |      0 |     54 |      0 |   1 |  180.0 |
       Dungeon |    180 |    180 |      0 |     54 |      0 |   1 |  180.0 |
               +--------+--------+--------+--------+--------+-----+--------+

Top non-repeatable levels by time:
     D:5: 180 daAuts
